 Dungeon Crawl Stone Soup version 0.21.1-1-g345015f (webtiles) character file.

5525 Fang the Cleaver (level 10, -2/64 HPs)
             Began as a Gargoyle Berserker on June 22, 2018.
             Was an Elder of Trog.
             Slain by an unseen horror (4 damage)
             ... on level 10 of the Dungeon on June 24, 2018.
             The game lasted 00:17:35 (9835 turns).

Fang the Cleaver (Gargoyle Berserker)               Turns: 9835, Time: 00:17:36

Health: -2/64      AC: 18    Str: 25    XL:     10   Next: 70%
Magic:  10/10      EV: 13    Int:  7    God:    Trog [****..]
Gold:   385        SH:  0    Dex:  9    Spells: 9/9 levels left

rFire    . . .     SeeInvis .   a - +0 hand axe
rCold    . . .     Gourm    .   (no shield)
rNeg     + . .     Faith    .   w - +5 ring mail
rPois    ∞         Spirit   .   (no helmet)
rElec    +         Reflect  .   (no cloak)
rCorr    .         Harm     .   (no gloves)
MR       +....                  (no boots)
Stlth    +.........             y - amulet of magic regeneration
HPRegen  0.20/turn              o - ring of flight
MPRegen  0.37/turn              l - ring of protection from magic

@: about to teleport
A: negative energy resistance 1, electricity resistance, unbreathing,
petrification resistance, rot immunity, AC +7
a: Berserk, Trog's Hand, Brothers in Arms, Burn Spellbooks, Renounce Religion,
Evoke Flight


You were on level 10 of the Dungeon.
You worshipped Trog.
Trog was greatly pleased with you.
You were not hungry.

You visited 2 branches of the dungeon, and saw 11 of its levels.

You collected 385 gold pieces.

Inventory:

Hand Weapons
 a - a +0 hand axe (weapon)
Missiles
 r - 5 javelins of returning (quivered)
Armour
 b - a +0 animal skin
 w - a +5 ring mail (worn)
Jewellery
 j - an uncursed ring of fire
 l - a ring of protection from magic (right hand)
 o - a ring of flight (left hand)
 t - an uncursed ring of protection from cold {unknown}
 v - an uncursed amulet of harm
 y - an amulet of magic regeneration (around neck)
 F - an uncursed ring of protection from fire
Wands
 s - a wand of flame (34)
 C - a wand of paralysis (13)
Scrolls
 e - a scroll of enchant armour
 i - 3 scrolls of teleportation
 m - 2 scrolls of blinking
 x - a scroll of magic mapping
 A - 2 scrolls of remove curse
Potions
 d - a potion of haste {unknown}
 f - a potion of magic
 g - 2 potions of berserk rage
 h - 4 potions of curing
 k - 2 potions of brilliance
 n - 2 potions of cancellation {unknown}
 p - a potion of flight {unknown}
 q - 2 potions of resistance
 u - a potion of mutation
 z - a potion of lignification
 E - a potion of heal wounds {unknown}
Comestibles
 c - 6 rations
 B - 2 chunks of flesh


   Skills:
 + Level 8.3 Fighting
 + Level 9.7 Axes
 + Level 6.9 Armour
 + Level 6.3 Dodging
 + Level 2.3 Stealth


You had 9 spell levels left.
You didn't know any spells.

Dungeon Overview and Level Annotations

Branches:
Dungeon (10/15)            Temple (1/1) D:4            Lair (0/6) D:9
    Orc: D:9-12

Altars:
Ashenzari
Cheibriados
Dithmenos
Elyvilon
Fedhas
Gozag
Hepliaklqana
Kikubaaqudgha
Makhleb
Nemelex Xobeh
Okawaru
Qazlal
Ru
Sif Muna
Trog
Uskayaw
Vehumet
Wu Jian
Xom
Yredelemnul
Zin
The Shining One


Innate Abilities, Weirdness & Mutations

You are resistant to torment.
Your stone body is resilient. (AC +7)
You are immune to poison.
You resist negative energy. (rN+)
You are resistant to electric shocks. (rElec)
You can survive without breathing.
You are immune to petrification.
You are immune to rotting.


Message History

Something hits you but does no damage. Something hits you but does no damage.
Something hits you.
* * * LOW HITPOINT WARNING * * *
Something hits you.
* * * LOW HITPOINT WARNING * * *
A centaur comes into view.
The centaur shouts!
Something hits you.
* * * LOW HITPOINT WARNING * * *
Something hits you.
* * * LOW HITPOINT WARNING * * *
The centaur wields a shortbow.
The centaur shoots an arrow.
The arrow misses you.
You see here an arrow.
Okay, then.
As you read the scroll of teleportation, it crumbles to dust.
You feel strangely unstable. Something hits you but does no damage.
Something hits you.
You die...

..........########
##.<......... ..#.#
.#.##...........# #.#.#
..........####..# #.#.#
.......##.####c.# #.#.###
#......##.....).# #.....#
##.#...#######..# #.....##.
##..........#..#####........
#.#.........(..@.........#
#[......._...#.#####......#
................ #).#.###
......... #..#.# ###....>..
#..# #### #.#..... #..#.....
#.#.....# #....# # .#..
#.##.# #. #.# .#


You could see a centaur.

Vanquished Creatures
  The ghost of Blarg the Basher, a novice MiBe of Trog (D:8)
  Prince Ribbit (D:6)
  The ghost of newst the Skirmisher, an amateur OpWn (D:5)
  3 hippogriffs
  3 hungry ghosts
  Grum (D:8)
  Duvessa (D:6)
  A black bear (D:9)
  2 orc warriors
  A sky beast (D:9)
  3 phantoms
  A necrophage (D:8)
  2 ogres
  3 wolves (D:8)
  The ghost of newst the Skirmisher, an amateur OpWn (D:3)
  A centaur (D:9)
  7 bullfrogs
  Dowan (D:6)
  4 scorpions
  4 killer bees (D:7)
  3 crimson imps
  2 howler monkeys
  A bullfrog zombie (D:6)
  3 jellies
  An orc priest (D:8)
  A centaur zombie (D:9)
  2 bullfrog skeletons
  6 hounds
  3 iguanas
  4 orc wizards (D:8)
  9 worker ants
  2 killer bee zombies
  A worker ant zombie (D:9)
  A howler monkey skeleton (D:6)
  10 adders
  A shadow imp (D:10)
  An ooze (D:3)
  2 adder skeletons (D:4)
  2 worms (D:2)
  5 leopard geckos
  15 orcs
  4 giant cockroaches
  6 goblins
  15 hobgoblins
  6 jackals
  5 quokkas
  A ball python (D:4)
  7 bats
  5 frilled lizards
  8 kobolds
  A quokka zombie (D:7)
  9 rats
184 creatures vanquished.

Notes
Turn   | Place    | Note
-------+----------+-------------------------------------------
     0 | D:1      | Fang the Gargoyle Berserker began the quest for the Orb.
     0 | D:1      | Reached XP level 1. HP: 14/14 MP: 1/1
   287 | D:1      | Reached XP level 2. HP: 19/19 MP: 2/2
   369 | D:1      | Reached skill level 3 in Axes
   741 | D:1      | Reached XP level 3. HP: 24/24 MP: 3/3
  1167 | D:2      | Reached ** piety under Trog
  1437 | D:2      | Reached XP level 4. HP: 11/29 MP: 4/4
  1957 | D:3      | Noticed newst's ghost (amateur OpWn)
  1964 | D:3      | Killed newst's ghost
  1964 | D:3      | Reached skill level 4 in Axes
  1964 | D:3      | Reached XP level 5. HP: 34/34 MP: 5/5
  2411 | D:3      | Found a bloodstained altar of Trog.
  3084 | D:4      | Reached skill level 1 in Stealth
  3084 | D:4      | Reached XP level 6. HP: 37/39 MP: 6/6
  3095 | D:4      | Found a snail-covered altar of Cheibriados.
  3128 | D:4      | Reached *** piety under Trog
  3233 | D:4      | Reached skill level 5 in Axes
  3452 | D:4      | Reached XP level 7. HP: 44/44 MP: 7/7
  3471 | D:4      | Found a staircase to the Ecumenical Temple.
  3494 | Temple   | Entered the Ecumenical Temple
  3941 | D:5      | Entered Level 5 of the Dungeon
  3991 | D:5      | Noticed newst's ghost (amateur OpWn)
  4042 | D:5      | Killed newst's ghost
  4042 | D:5      | Reached skill level 5 in Fighting
  4291 | D:5      | Reached skill level 6 in Axes
  4291 | D:5      | Reached XP level 8. HP: 34/49 MP: 8/8
  4887 | D:6      | Noticed Prince Ribbit
  5564 | D:6      | Killed Prince Ribbit
  5668 | D:6      | Received a gift from Trog
  5814 | D:6      | Noticed Dowan
  5814 | D:6      | Noticed Duvessa
  5821 | D:6      | Reached skill level 5 in Armour
  5824 | D:6      | Killed Duvessa
  5824 | D:6      | Killed Dowan
  5882 | D:6      | Reached skill level 7 in Axes
  5904 | D:6      | Reached XP level 9. HP: 55/55 MP: 9/9
  6880 | D:7      | Paralysed by fainting for 6 turns
  6886 | D:7      | Reached skill level 5 in Dodging
  6887 | D:7      | Found an iron altar of Okawaru.
  6894 | D:7      | Paralysed by fainting for 7 turns
  7467 | D:8      | Noticed Blarg's ghost (novice MiBe)
  7478 | D:8      | Killed Blarg's ghost
  7478 | D:8      | Reached skill level 8 in Axes
  7775 | D:8      | Reached XP level 10. HP: 50/63 MP: 10/10
  7858 | D:8      | Noticed Grum
  7884 | D:8      | Killed Grum
  7884 | D:8      | Reached skill level 9 in Axes
  8177 | D:8      | Reached **** piety under Trog
  8628 | D:9      | Paralysed by fainting for 11 turns
  8958 | D:9      | Paralysed by fainting for 12 turns
  9311 | D:9      | Found a staircase to the Lair.
  9639 | D:10     | Entered Level 10 of the Dungeon
  9773 | D:10     | Found an iron altar of Okawaru.
  9834 | D:10     | HP: 2/64 [something (6)]
  9835 | D:10     | Slain by an unseen horror

Skill      XL: |  1  2  3  4  5  6  7  8  9 10 |
---------------+-------------------------------+-----
Axes           | 3 4 5 6 7 8 9 |  9.7
Fighting       | 4 5 6 7 8 |  8.3
Dodging        | 2 3 4 5 6 |  6.3
Stealth        | 1 2 |  2.3
Armour         | 3 5 6 |  6.9

Action                   |  1- 3 |  4- 6 |  7- 9 | 10-12 || total
-------------------------+-------+-------+-------+-------++-------
Melee: Hand axe          |   133 |   173 |   426 |   389 ||  1121
Invok: Berserk           |     1 |     2 |    11 |     1 ||    15
       Burn Spellbooks   |       |       |       |     1 ||     1
  Use: Scroll            |       |       |    16 |     3 ||    19
 Stab: Sleeping          |       |     1 |       |       ||     1
  Eat: Chunk             |     2 |     9 |    13 |     6 ||    30
       Ration            |       |       |     4 |     3 ||     7
Armor: Animal skin       |    54 |    39 |       |       ||    93
       Ring mail         |       |    39 |   196 |   249 ||   484
Dodge: Dodged            |    94 |   126 |   277 |   260 ||   757
